 Dungeon Crawl Stone Soup version 0.30.0-29-ga12c61a403 (webtiles) character file.

Game seed: 7728051470226677931

91 qw the Chopper (level 4, -1/28 HPs)
             Began as a Gargoyle Fighter on June 2, 2023.
             Slain by Ijyb
             ... wielding a +0 club
              (6 damage)
             ... on level 4 of the Dungeon.
             The game lasted 00:00:46 (1001 turns).

qw the Chopper (Gargoyle Fighter)                   Turns: 1001, Time: 00:00:46

Health: -1/28      AC: 10    Str: 22    XL:     4   Next: 59%
Magic:  4/4        EV:  9    Int:  8    God:
Gold:   70         SH:  4    Dex:  9    Spells: 3/3 levels left

rFire   . . .        Y - +0 war axe
rCold   . . .        c - +0 buckler
rNeg    + . .        b - +0 scale mail
rPois   inf          (no helmet)
rElec   +            (no cloak)
rCorr   .            (no gloves)
SInv    .            (no boots)
Will    .....        (no amulet) Stlth
                     (no ring)
HPRegen 0.24/turn    (no ring)
MPRegen 0.09/turn

%: no passive effects
@: no status effects
A: sickness immunity, AC +3, negative energy resistance 1, electricity
resistance, torment resistance 1, petrification resistance
a: no special abilities


You were on level 4 of the Dungeon.
You visited 1 branch of the dungeon, and saw 3 of its levels.

You collected 70 gold pieces.


Innate Abilities, Weirdness & Mutations

You are immune to sickness and miasma.
Your stone body is resilient. (AC +3)
You are immune to poison.
You resist negative energy. (rN+)
You are resistant to electric shocks. (rElec)
You are resistant to unholy torment.
You are immune to petrification.


   Skills:
 - Level 3.2 Fighting
 + Level 4.2 Axes
 - Level 3.2 Armour
 - Level 3.2 Shields


You had 3 spell levels left.
You didn't know any spells.
Your spell library was empty.

Inventory:

Hand Weapons
 a - a +0 mace of protection
 Y - a +0 war axe (weapon)
Armour
 b - a +0 scale mail (worn)
 c - a +0 buckler (worn)
 g - a +0 helmet
Scrolls
 e - a scroll of butterflies {unknown}
 h - a scroll of identify
 j - a scroll of immolation {unknown}
Potions
 d - a potion of might
 f - 2 potions of curing {unknown}
 i - a potion of cancellation {unknown}

Dungeon Overview and Level Annotations

Branches:
Dungeon (2/15)

Altars:
Uskayaw

Annotations:
D:4 Ijyb


Message History

Ijyb is unaffected.
The grasping roots constrict you. Ijyb hits you with a +0 club.
The grasping roots constrict you.
You hit Ijyb but do no damage. Ijyb hits you but does no damage.
The grasping roots constrict you. Ijyb hits you but does no damage.
The grasping roots constrict you.
The grasping roots release their grip on you.
You hit Ijyb.
Ijyb is lightly wounded.
You hit the kobold.
You kill the kobold!
Ijyb zaps a wand.
The roots erupt in riotous growth!
The grasping roots grab you!
Ijyb is unaffected.
The grasping roots constrict you. Ijyb hits you but does no damage.
The grasping roots constrict you.
You slash Ijyb!
Ijyb is severely wounded.
Ijyb barely misses you. The grasping roots constrict you.
Ijyb closely misses you. The grasping roots constrict you.
The grasping roots release their grip on you.
You barely miss Ijyb.
Ijyb is severely wounded.
Ijyb zaps a wand.
The roots erupt in riotous growth!
The grasping roots grab you!
Ijyb is unaffected.
The grasping roots constrict you. You block Ijyb's attack.
The grasping roots constrict you.
You closely miss Ijyb.
Ijyb is severely wounded.
Ijyb barely misses you. The grasping roots constrict you.
Ijyb hits you but does no damage. The grasping roots constrict you.
The grasping roots release their grip on you.
You closely miss Ijyb.
Ijyb is severely wounded.
Ijyb closely misses you. Ijyb hits you but does no damage.
You hit Ijyb.
Ijyb is almost dead.
Ijyb hits you with a +0 club. Ijyb barely misses you.
You closely miss Ijyb.
Ijyb is almost dead.
Ijyb hits you with a +0 club. x2
You die...

###########
..........#
#########.#
#.# #@#
#.....g)..#
#.#####.#.#
#.#.# ..# #
###


You could see Ijyb (fast).

Vanquished Creatures
  Robin (D:2)
  3 adders (D:2)
  A dart slug (D:2)
  2 bats
  3 endoplasms
  A giant cockroach (D:1)
  12 goblins
  4 hobgoblins (D:2)
  4 jackals (D:1)
  A quokka (D:1)
  3 ball pythons
  3 frilled lizards (D:1)
  7 kobolds
  4 rats
49 creatures vanquished.

Notes
Turn   | Place    | Note
-------+----------+-------------------------------------------
     0 | D:1      | qw the Gargoyle Fighter began the quest for the Orb.
     0 | D:1      | Reached XP level 1. HP: 14/14 MP: 1/1
     0 | D:1      | 0 ||| qw: Version: 0.2-a-102-gdf20003
     0 | D:1      | 0 ||| qw: Game counter: 944
     0 | D:1      | 0 ||| qw: Always use a shield: true
     0 | D:1      | 0 ||| qw: God list: Okawaru
     0 | D:1      | 0 ||| qw: Allow faded altars: false
     0 | D:1      | 0 ||| qw: Do Orc after D:15 true
     0 | D:1      | 0 ||| qw: Do second Lair branch before Depths: true
     0 | D:1      | 0 ||| qw: Lair rune preference: random
     0 | D:1      | 0 ||| qw: Plans: Normal, Zot:1-4, Slime:5, God:TSO, Crypt,
                  | Tomb, Pan, Hells, Abyss, Win
     0 | D:1      | 0 ||| PLANNING D:1-11
    39 | D:1      | Reached skill level 2 in Axes
    90 | D:1      | 90 ||| Stepping ~*~*~tactically~*~*~ (hiding).
    93 | D:1      | Reached XP level 2. HP: 17/19 MP: 2/2
   215 | D:1      | 215 ||| Stepping ~*~*~tactically~*~*~ (stealth).
   217 | D:1      | 217 ||| Stepping ~*~*~tactically~*~*~ (stealth).
   249 | D:1      | 249 ||| FLEEEEING.
   250 | D:1      | 250 ||| FLEEEEING.
   254 | D:1      | 254 ||| FLEEEEING.
   255 | D:1      | 255 ||| FLEEEEING.
   256 | D:1      | 256 ||| FLEEEEING.
   257 | D:1      | 257 ||| FLEEEEING.
   258 | D:1      | 258 ||| FLEEEEING.
   260 | D:1      | 260 ||| FLEEEEING.
   261 | D:1      | 261 ||| FLEEEEING.
   355 | D:1      | Reached skill level 3 in Axes
   365 | D:1      | Reached XP level 3. HP: 23/23 MP: 3/3
   496 | D:1      | 496 ||| DROPPING scarf of shadows.
   497 | D:1      | 497 ||| DROPPING ring of flight.
   498 | D:1      | 498 ||| READING scroll labelled ISMOTT GORGHUST.
   499 | D:1      | 499 ||| READING scroll labelled KICETW UTHRI.
   589 | D:2      | 589 ||| Stepping ~*~*~tactically~*~*~ (stealth).
   591 | D:2      | 591 ||| Stepping ~*~*~tactically~*~*~ (stealth).
   600 | D:2      | Noticed Robin
   601 | D:2      | 601 ||| Stepping ~*~*~tactically~*~*~ (hiding).
   602 | D:2      | 602 ||| Stepping ~*~*~tactically~*~*~ (hiding).
   603 | D:2      | 603 ||| Stepping ~*~*~tactically~*~*~ (hiding).
   612 | D:2      | Reached XP level 4. HP: 28/28 MP: 4/4
   614 | D:2      | Killed Robin
   615 | D:2      | Reached skill level 4 in Axes
   639 | D:2      | 639 ||| DROPPING +0 whip.
   647 | D:2      | 647 ||| Stepping ~*~*~tactically~*~*~ (stealth).
   673 | D:2      | 673 ||| Stepping ~*~*~tactically~*~*~ (hiding).
   674 | D:2      | 674 ||| Stepping ~*~*~tactically~*~*~ (hiding).
   676 | D:2      | 676 ||| Stepping ~*~*~tactically~*~*~ (hiding).
   722 | D:2      | 722 ||| Stepping ~*~*~tactically~*~*~ (stealth).
   800 | D:2      | Found a faded altar of an unknown god.
   909 | D:2      | Found a hide-covered altar of Uskayaw.
   979 | D:2      | You fall into a shaft and drop 2 floors!
   984 | D:4      | Noticed Ijyb
   985 | D:4      | 985 ||| Stepping ~*~*~tactically~*~*~ (hiding).
  1000 | D:4      | HP: 7/28 [Ijyb/+0 club (1)]
  1001 | D:4      | Slain by Ijyb

Levels and vault maps discovered:
D:1:      lightli_arrival_boilingwater, layout_rooms, minmay_misc_feat_columns
D:2:      layout_loops_cross, shapermc_ecumenical_altar_acropolis, basic_altar,
          uniq_robin
D:4:      layout_loops_corners, kennysheep_little_box,
          ebering_ghost_reflecting_pool, chequers_hall_statues_wall_a,
          uniq_crazy_yiuf_cottage, uniq_ijyb

Skill      XL: |  1  2  3  4 |
---------------+-------------+-----
Axes           | 2 3 4 |  4.2
Fighting       | |  3.2
Armour         | |  3.2
Shields        | |  3.2

Action                     |  1- 3 |  4- 6 || total
---------------------------+-------+-------++-------
  Melee: War axe           |    80 |    42 ||   122
    Use: Scroll            |     2 |       ||     2
 Armour: Scale mail        |    39 |    24 ||    63
  Dodge: Dodged            |    29 |    22 ||    51
  Block: Buckler           |    12 |     4 ||    16

Table legend:
 A = Non-vault XP
 B = Vault XP
 C = Vault XP percentage of total XP
 D = Non-vault monster count
 E = Vault monster count
 F = Vault count percentage of total count
                 A         B        C        D         E       F
            +---------+---------+-------+---------+---------+-------
      Total |      93 |      38 |  29.0 |      36 |      13 |  26.5
            +---------+---------+-------+---------+---------+-------
        D:1 |      35 |       0 |   0.0 |      22 |       0 |   0.0
        D:2 |      57 |      38 |  40.0 |      13 |      13 |  50.0
        D:4 |       1 |       0 |   0.0 |       1 |       0 |   0.0
            +---------+---------+-------+---------+---------+-------
